 Dungeon Crawl Stone Soup version 0.30-a0-335-ge5acde7520 (webtiles) character file.

Game seed: 5859217675736948949

138056 gruber the Devastator (level 16, -1/93 HPs)
             Began as a Deep Elf Conjurer on Oct 30, 2022.
             Was the Champion of Vehumet.
             Shot with an arrow by a centaur warrior (13 damage)
             ... on level 14 of the Dungeon.
             The game lasted 00:44:26 (25111 turns).

gruber the Devastator (Deep Elf Conjurer)          Turns: 25111, Time: 00:44:27

Health: -1/93      AC: 10    Str:  4    XL:     16   Next: 70%
Magic:  51/51      EV: 25    Int: 50    God:    Vehumet [******]
Gold:   306        SH:  0    Dex: 19    Spells: 31/55 levels left

rFire   + . .      SeeInvis +    W - +4 dagger of Fedhas's Condemnation {flame, rPois Int+5 Dex+2}
rCold   + + .      Faith    .    (no shield)
rNeg    . . .      Spirit   .    P - +0 robe {Archmagi}
rPois   +          Reflect  .    Y - +2 hat
rElec   .          Harm     .    h - scarf {rC+ rF+}
rCorr   .          Rampage  .    L - +0 pair of gloves of Citarhytt {MP+9 Int+3 Slay-3 SInv}
Will    +....      Archmagi +    l - +0 pair of boots
Stlth   +++.......               n - amulet of magic regeneration
HPRegen 0.35/turn                Q - ring "Piocwic" {Int+6 Stlth+}
MPRegen 0.72/turn                o - ring of Ucvuodagh {rC+ AC+4 Int+4 Dex+4 Slay+2}

@: no status effects
A: no striking features
a: Renounce Religion


You were on level 14 of the Dungeon.
You worshipped Vehumet.
Vehumet was exalted by your worship.
You visited 5 branches of the dungeon, and saw 24 of its levels.
You also visited: Ice Cave.

You collected 2710 gold pieces.
You spent 2404 gold pieces at shops.

Inventory:

Hand Weapons
 g - the +6 dagger of Guile {venom, *Slow rF+++ Str+3}
   (You found it on level 2 of the Lair of Beasts)

   It poisons the flesh of those it strikes.
   Str:       It affects your strength (+3).
   rF:        It renders you almost immune to fire.
   *Slow:     It may slow you when you take damage.
 s - the +7 falchion of Domination {flame, rPois rC+ Str+2}
   (You found it on level 5 of the Lair of Beasts)

   It burns those it strikes, dealing additional fire damage.
   Big, fiery blades are also staple armaments of hydra-hunters.
   Str:       It affects your strength (+2).
   rC:        It protects you from cold.
   rPois:     It protects you from poison.
 W - the +4 dagger of Fedhas's Condemnation (weapon) {flame, rPois Int+5 Dex+2}
   (You found it on level 9 of the Dungeon)

   It burns those it strikes, dealing additional fire damage.
   Int:       It affects your intelligence (+5).
   Dex:       It affects your dexterity (+2).
   rPois:     It protects you from poison.
Missiles
 y - 7 throwing nets
Armour
 h - a scarf of resistance (worn)
 l - a +0 pair of boots (worn)
 L - the +0 pair of gloves of Citarhytt (worn) {MP+9 Int+3 Slay-3 SInv}
   (You bought it in a shop on level 2 of the Orcish Mines)

   Int:       It affects your intelligence (+3).
   Slay:      It affects your accuracy & damage with ranged weapons and melee
   (-3).
   MP:        It affects your magic capacity (+9).
   SInv:      It lets you see invisible.
 M - a +2 robe of willpower
 P - a +0 robe of the Archmagi (worn)
 Y - a +2 hat (worn)
Magical Staves
 X - a staff of cold
Jewellery
 a - a ring of see invisible
 n - an amulet of magic regeneration (around neck)
 o - the ring of Ucvuodagh (right hand) {rC+ AC+4 Int+4 Dex+4 Slay+2}
   (You bought it in a shop on level 5 of the Dungeon)

   [ring of protection]

   AC:        It affects your AC (+4).
   Int:       It affects your intelligence (+4).
   Dex:       It affects your dexterity (+4).
   Slay:      It affects your accuracy & damage with ranged weapons and melee
   (+2).
   rC:        It protects you from cold.
 p - a ring of protection from fire
 J - a ring of protection from fire
 N - a ring of willpower
 Q - the ring "Piocwic" (left hand) {Int+6 Stlth+}
   (You bought it in a shop on level 5 of the Dungeon)

   [ring of intelligence]

   Int:       It affects your intelligence (+6).
   Stlth:     It makes you more stealthy.
Wands
 b - a wand of polymorph (3)
 k - a wand of roots (4)
 v - a wand of mindburst (10)
 I - a wand of digging (9)
 O - a wand of acid (11)
 S - a wand of paralysis (8)
 U - a wand of flame (36)
Scrolls
 d - a scroll of fog {unknown}
 i - 6 scrolls of enchant armour {unknown}
 j - a scroll of silence {unknown}
 m - a scroll of vulnerability
 q - 3 scrolls of amnesia {unknown}
 u - 2 scrolls of summoning
 w - 2 scrolls of fear {unknown}
 x - 5 scrolls of enchant weapon {unknown}
 B - 5 scrolls of noise {unknown}
 C - 5 scrolls of immolation {unknown}
 D - 5 scrolls of poison {unknown}
 F - 4 scrolls of magic mapping
 H - a scroll of blinking
 V - 10 scrolls of teleportation {unknown}
 Z - a scroll of identify
Potions
 c - 8 potions of curing
 e - 6 potions of might
 f - a potion of brilliance {unknown}
 r - 2 potions of ambrosia
 t - 4 potions of cancellation
 z - 4 potions of lignification
 A - a potion of berserk rage
 E - 6 potions of heal wounds
 G - 3 potions of flight
 K - 6 potions of haste
 R - a potion of magic
 T - 2 potions of resistance


   Skills:
 - Level 8.2 Fighting
 - Level 18.0 Dodging
 - Level 2.4 Stealth
 * Level 20.0 Spellcasting
 - Level 20.0 Conjurations


You had 31 spell levels left.
You knew the following spells:

 Your Spells              Type           Power      Damage    Failure   Level
a - Magic Dart            Conj           100%       1d8       0%          1
b - Searing Ray           Conj           100%       2d8       0%          2
c - Iskenderun's Mystic   Conj/Tloc      100%       2d19      1%          4
d - Irradiate             Conj/Tmut      61%        3d32      1%          5
e - Orb of Destruction    Conj           77%        9d17      1%          7
f - Freezing Cloud        Conj/Ice/Air   54%        6-21      1%          5

Your spell library contained the following spells:

 Spells                   Type           Power      Damage    Failure   Level
 Momentum Strike          Conj/Tloc      100%       3d10      0%          2
 Dazzling Flash           Conj/Hex       100%       N/A       0%          3
 Stone Arrow              Conj/Erth      100%       3d13      0%          3
 Apportation              Tloc           100%       N/A       1%          1
 Beastly Appendage        Tmut           100%       N/A       1%          1
 Sandblast                Erth           100%       2d20      1%          1
 Blink                    Tloc           100%       N/A       1%          2
 Cigotuvi's Dreadful Rot  Necr/Pois/Air  100%       N/A       1%          2
 Passwall                 Tmut/Erth      55%        N/A       1%          2
 Poisonous Vapours        Pois/Air       100%       N/A       1%          2
 Wereblood                Tmut           66%        N/A       1%          2
 Call Canine Familiar     Summ           66%        N/A       1%          3
 Inner Flame              Hex/Fire       66%        N/A       1%          3
 Lesser Beckoning         Tloc           100%       N/A       1%          3
 Mephitic Cloud           Conj/Pois/Air  100%       N/A       1%          3
 Ozocubu's Armour         Ice            66%        N/A       1%          3
 Portal Projectile        Hex/Tloc       100%       N/A       1%          3
 Spider Form              Tmut/Pois      66%        N/A       1%          3
 Tukima's Dance           Hex            66%        N/A       1%          3
 Flame Wave               Conj/Fire      100%       2d21      1%          4
 Fulminant Prism          Conj/Hex       61%        3d26      1%          4
 Sticky Flame             Conj/Fire      100%       2d11      1%          4
 Yara's Violent Unravell  Hex/Tmut       33%        3d14      2%          5
 Dispel Undead            Necr           66%        3d23      3%          4
 Leda's Liquefaction      Hex/Erth       33%        N/A       3%          4
 Passage of Golubria      Tloc           66%        N/A       3%          4
 Petrify                  Tmut/Erth      66%        N/A       3%          4
 Agony                    Necr           66%        N/A       9%          5
 Alistair's Intoxication  Tmut/Pois      44%        N/A       9%          5
 Metabolic Englaciation   Hex/Ice        33%        N/A       9%          5
 Silence                  Hex/Air        33%        N/A       9%          5
 Death Channel            Necr           33%        N/A       43%         6
 Statue Form              Tmut/Erth      44%        N/A       43%         6
 Ozocubu's Refrigeration  Ice            33%        4d14      54%         7


Dungeon Overview and Level Annotations

Branches:
Dungeon (14/15)            Temple (1/1) D:4            Lair (5/5) D:11
  Swamp (0/4) Lair:3        Snake (2/4) Lair:3        Slime (0/5) Lair:5
    Orc (2/2) D:10            Elf (0/3) Orc:2        Vaults (0/5) D:14
  IceCv (visited)

Altars:
Ashenzari
Cheibriados
Dithmenos
Elyvilon
Fedhas
Gozag
Hepliaklqana
Kikubaaqudgha
Makhleb
Nemelex Xobeh
Okawaru
Qazlal
Ru
Sif Muna
Trog
Uskayaw
Vehumet
Wu Jian
Xom
Yredelemnul
Zin
The Shining One
Jiyva

Shops:
D:5 =   D:8 (   D:13 **((*   Orc:1 =   Orc:2 ([!=

Annotations:
D:14 Urug
Snake:2 Vashnia


Message History

The centaur warrior is almost dead.
The centaur warrior is knocked back by the mystic blast.
The centaur warrior collides with the human!
The human is moderately wounded.
The centaur warrior is almost dead.
The mystic blast hits the human.
The human is almost dead.
The human is knocked back by the mystic blast.
The human slams into the rock wall!
You kill the human!
Vehumet accepts your kill.
The mystic blast hits Urug!
Urug is severely wounded.
Urug is knocked back by the mystic blast.
Urug collides with the human!
You kill the human!
Vehumet accepts your kill.
Urug is almost dead.
The mystic blast hits the basilisk!
You kill the basilisk!
Vehumet accepts your kill.
The centaur warrior wields a +0 shortbow.
The centaur warrior shoots an arrow.
The arrow hits you!
* * * LOW HITPOINT WARNING * * *
The cyan ugly thing basks in the mutagenic energy from its kin and changes!
The centaur warrior wields a +0 shortbow.
The centaur warrior shoots an arrow.
The arrow misses you.
The centaur warrior shoots an arrow.
The arrow hits you!
* * * LOW HITPOINT WARNING * * *
Your Spellcasting skill increases to level 20!
Magic restored.
The centaur warrior shoots an arrow.
The arrow misses you.
The arrow misses the cyan ugly thing.
The centaur warrior shoots an arrow.
The arrow completely misses you.
Urug screams, "Payback for my eye!"
Urug throws a javelin.
The javelin completely misses you.
The javelin pierces through the human!
The centaur warrior shoots an arrow.
The arrow hits you!
* * * LOW HITPOINT WARNING * * *
The centaur warrior shoots an arrow.
The arrow hits you!
You die...

.....##.... .#
..........##.#
...u$........#
>uuu.u....$.#
#.up.......#
#.uu.......#
#..u.......#
#..p.@>..O.#
#..u(∩<....#
###....p.....#
.#.cppc)o...#
..†..÷÷...cc#
###..†.......#
#..).......#
#.<#####...#
##.......#


You could see Urug, 10 ugly things, 4 centaur warriors, a two-headed ogre and 5
humans.

Vanquished Creatures
  Gastronok (Lair:1)
  Kirke (Snake:1)
  Snorg (Lair:4)
  Harold (Lair:1)
  A salamander tyrant (Snake:2)
  3 catoblepae
  11 hydras
  2 ogre magi (Orc:2)
  3 boulder beetles
  A naga warrior (Snake:1)
  13 two-headed ogres
  5 death yaks
  3 anacondas (Snake:1)
  A naga sharpshooter (Snake:2)
  Sonja (D:13)
  A shock serpent (Snake:1)
  Amaemon (D:8)
  4 bog bodies (Lair:3)
  2 deep trolls (Orc:2)
  A necromancer (IceCv)
  6 orc knights
  2 lindwurms (Lair:5)
  2 deep elf pyromancers
  4 ugly things (IceCv)
  A mana viper (Snake:1)
  2 orc sorcerers
  6 cyclopes
  A manticore (D:11)
  Maurice (D:8)
  17 black mambas
  5 elephants
  An ice statue (IceCv)
  4 gargoyles
  2 torpor snails
  14 cane toads
  An orange demon (D:8)
  7 naga magi (Snake:1)
  7 rime drakes
  9 komodo dragons
  An anaconda simulacrum (IceCv)
  2 freezing wraiths (IceCv)
  A yaktaur (D:14)
  A kobold demonologist (D:11)
  10 ice devils (IceCv)
  13 trolls
  3 polar bears
  A troll (shapeshifter) (D:14)
  Grinder (D:6)
  18 slime creatures
  7 blink frogs
  2 dream sheep (Lair:5)
  2 wraiths (D:12)
  A dire elephant simulacrum (IceCv)
  A shadow (D:13)
  80 yaks
  7 wyverns
  5 basilisks
  3 death yak simulacra (IceCv)
  11 humans (D:14)
  9 vampire mosquitoes
  A hog (Snake:1)
  4 harpy simulacra (IceCv)
  9 nagas
  2 swamp worms (Lair:3)
  An acid dragon (D:12)
  2 wargs
  24 water moccasins
  A hydra simulacrum (IceCv)
  26 orc warriors
  An ice beast (D:8)
  3 sky beasts (D:7)
  2 black bears
  25 ogres
  43 wolves
  13 centaurs
  8 kobold brigands
  21 bullfrogs
  2 necrophages
  4 gnoll sergeants
  7 scorpions
  2 cane toad simulacra (IceCv)
  19 wights
  2 killer bees
  3 elephant simulacra (IceCv)
  A howler monkey (D:11)
  An electric eel (Lair:3)
  5 hounds
  A quasit (D:4)
  A jelly (D:5)
  10 orc priests
  Crazy Yiuf (D:5)
  2 gnoll boudas
  3 iguanas
  20 orc wizards
  A troll simulacrum (IceCv)
  7 hell rats (Lair:5)
  7 polar bear simulacra (IceCv)
  5 wolf simulacra (IceCv)
  A mummy (D:6)
  28 gnolls
  2 naga simulacra (IceCv)
  9 adders
  5 shadow imps
  21 white imps
  3 ufetubi
  3 worms
  2 dart slugs
  61 orcs
  7 bats
  9 endoplasms
  4 giant cockroaches
  6 goblins
  9 hobgoblins
  2 quokkas
  8 ball pythons
  4 frilled lizards
  42 kobolds
  11 kobold skeletons (D:11)
  7 kobold zombies (D:11)
  7 rats
869 creatures vanquished.

Vanquished Creatures (others)
  A black mamba (Snake:1)
  4 humans (Snake:1)
  A bush (Lair:5)
  6 demonic plants (D:4)
  87 fungi
  113 plants
212 creatures vanquished.

Grand Total: 1081 creatures vanquished

Notes
Turn   | Place    | Note
-------+----------+-------------------------------------------
     0 | D:1      | gruber the Deep Elf Conjurer began the quest for the Orb.
     0 | D:1      | Reached XP level 1. HP: 10/10 MP: 6/6
   263 | D:1      | Found a faded altar of an unknown god.
   268 | D:1      | Reached XP level 2. HP: 15/15 MP: 5/8
   386 | D:1      | Reached skill level 5 in Conjurations
   389 | D:1      | Learned a level 2 spell: Searing Ray
  1149 | D:2      | Reached XP level 3. HP: 19/19 MP: 6/9
  2035 | D:3      | Reached XP level 4. HP: 24/24 MP: 1/11
  2190 | D:3      | Found a blossoming altar of Fedhas.
  2858 | D:3      | Found a hazy altar of Hepliaklqana.
  2859 | D:3      | Found a burning altar of Makhleb.
  3439 | D:4      | Reached XP level 5. HP: 18/28 MP: 6/13
  3834 | D:4      | Learned a level 4 spell: Iskenderun's Mystic Blast
  3921 | D:4      | Reached XP level 6. HP: 12/32 MP: 5/15
  3935 | D:4      | Reached skill level 5 in Spellcasting
  4376 | D:4      | Found a staircase to the Ecumenical Temple.
  4642 | Temple   | Entered the Ecumenical Temple
  4832 | Temple   | Became a worshipper of Vehumet
  4878 | D:5      | Entered Level 5 of the Dungeon
  4953 | D:5      | Reached XP level 7. HP: 36/36 MP: 12/18
  5196 | D:5      | Noticed a gargoyle
  5208 | D:5      | Killed a gargoyle
  5209 | D:5      | Reached skill level 10 in Conjurations
  5209 | D:5      | Reached XP level 8. HP: 13/41 MP: 4/19
  5650 | D:5      | Found Wataaq's Jewellery Shoppe.
  5787 | D:5      | Found a runed translucent door.
  5788 | D:5      | Noticed Crazy Yiuf
  5796 | D:5      | Killed Crazy Yiuf
  6033 | D:6      | Reached * piety under Vehumet
  6033 | D:6      | Offered knowledge of Freeze by Vehumet.
  6102 | D:6      | Found a snail-covered altar of Cheibriados.
  6462 | D:6      | Noticed Grinder
  6472 | D:6      | Killed Grinder
  6473 | D:6      | Reached XP level 9. HP: 45/45 MP: 14/20
  6775 | D:7      | Found a glowing golden altar of the Shining One.
  6826 | D:7      | Offered knowledge of Poisonous Vapours by Vehumet.
  6827 | D:7      | Reached skill level 5 in Dodging
  7030 | D:7      | Reached ** piety under Vehumet
  7416 | D:7      | Reached XP level 10. HP: 32/50 MP: 18/21
  7617 | D:7      | Found a shadowy altar of Dithmenos.
  8286 | D:8      | Noticed an orange demon
  8303 | D:8      | Killed an orange demon
  8520 | D:8      | Offered knowledge of Momentum Strike by Vehumet.
  8593 | D:8      | Reached skill level 10 in Spellcasting
  8632 | D:8      | Found Eshesise's Weapon Shop.
  8722 | D:8      | Noticed Amaemon
  8732 | D:8      | Killed Amaemon
  8823 | D:8      | Noticed Maurice
  8830 | D:8      | Killed Maurice
  9132 | D:9      | Reached *** piety under Vehumet
  9164 | D:9      | Identified the +4 dagger of Fedhas's Condemnation {flame,
                  | rPois Int+5 Dex+2}
  9264 | D:9      | Noticed a gargoyle
  9274 | D:9      | Killed a gargoyle
  9378 | D:9      | Reached XP level 11. HP: 54/54 MP: 18/30
  9418 | D:9      | Noticed a two-headed ogre
  9427 | D:9      | Killed a two-headed ogre
  9674 | D:9      | Reached skill level 15 in Conjurations
 10113 | D:10     | Entered Level 10 of the Dungeon
 10131 | D:10     | Noticed a two-headed ogre
 10140 | D:10     | Killed a two-headed ogre
 10199 | D:10     | Found a staircase to the Orcish Mines.
 10429 | D:10     | Offered knowledge of Mephitic Cloud by Vehumet.
 11154 | D:11     | Noticed a two-headed ogre
 11156 | D:11     | Killed a two-headed ogre
 11186 | D:11     | Reached **** piety under Vehumet
 11347 | D:11     | Offered knowledge of Yara's Violent Unravelling by Vehumet.
 11393 | D:11     | Reached XP level 12. HP: 56/59 MP: 20/31
 11463 | D:11     | Reached ***** piety under Vehumet
 11464 | D:11     | Found an ancient bone altar of Kikubaaqudgha.
 11528 | D:11     | Found a staircase to the Lair.
 11554 | D:11     | Offered knowledge of Irradiate by Vehumet.
 11561 | D:11     | Learned a level 5 spell: Irradiate
 11655 | D:11     | Found a frozen archway.
 11809 | IceCv    | Entered an ice cave
 12348 | IceCv    | Found an ancient bone altar of Kikubaaqudgha.
 12488 | IceCv    | Offered knowledge of Lightning Bolt by Vehumet.
 12903 | D:11     | Reached skill level 1 in Fighting
 13359 | D:12     | Reached XP level 13. HP: 59/68 MP: 17/32
 14277 | Lair:1   | Entered Level 1 of the Lair of Beasts
 14277 | Lair:1   | Noticed Harold
 14292 | Lair:1   | Killed Harold
 14293 | Lair:1   | Reached skill level 5 in Fighting
 14527 | Lair:1   | Noticed Gastronok
 14670 | Lair:1   | Killed Gastronok
 15419 | Lair:2   | Offered knowledge of Orb of Destruction by Vehumet.
 15462 | Lair:2   | Learned a level 7 spell: Orb of Destruction
 15605 | Lair:2   | Reached XP level 14. HP: 84/84 MP: 33/33
 16413 | Lair:2   | Identified the +6 dagger of Guile {venom, *Slow rF+++
                  | Str+3}
 16433 | Lair:2   | Reached XP level 15. HP: 87/88 MP: 27/34
 17219 | Lair:3   | Found a staircase to the Snake Pit.
 17285 | Lair:3   | Offered knowledge of Eringya's Noxious Bog by Vehumet.
 17286 | Lair:3   | Found a staircase to the Swamp.
 17289 | Lair:3   | Reached skill level 15 in Dodging
 18793 | Lair:4   | Noticed Snorg
 18811 | Lair:4   | Killed Snorg
 19058 | Lair:5   | Entered Level 5 of the Lair of Beasts
 19073 | Lair:5   | Identified the +7 falchion of Domination {flame, rPois rC+
                  | Str+2}
 19382 | Lair:5   | Found a viscous altar of Jiyva.
 19383 | Lair:5   | Found a staircase to the Slime Pits.
 20231 | Lair:5   | Found a glowing golden altar of the Shining One.
 20639 | Orc:1    | Entered Level 1 of the Orcish Mines
 20688 | Orc:1    | Reached ****** piety under Vehumet
 20689 | Orc:1    | Reached skill level 15 in Spellcasting
 20851 | Orc:2    | Entered Level 2 of the Orcish Mines
 21063 | Orc:2    | Reached XP level 16. HP: 93/93 MP: 24/37
 21131 | Orc:2    | Found a staircase to the Elven Halls.
 21139 | Orc:2    | Offered knowledge of Arcjolt by Vehumet.
 21437 | Orc:2    | Found Arames's Jewellery Emporium.
 21442 | Orc:2    | Found Pirhoy's Distillery.
 21444 | Orc:2    | Found Zosuexem's Antique Armour Boutique.
 21452 | Orc:2    | Found Cytheph's Antique Weapon Emporium.
 21456 | Orc:2    | Bought a pair of scorched gloves for 171 gold pieces
 21456 | Orc:2    | Identified the +0 pair of gloves of Citarhytt {MP+9 Int+3
                  | Slay-3 SInv} (You bought it in a shop on level 2 of the
                  | Orcish Mines)
 21456 | Orc:2    | Bought an amber-encrusted scale mail for 162 gold pieces
 21456 | Orc:2    | Identified the +1 scale mail of Gallantry {Will+++ Int-2}
                  | (You bought it in a shop on level 2 of the Orcish Mines)
 21484 | Orc:2    | Bought a slimy mace for 256 gold pieces
 21484 | Orc:2    | Identified the +1 mace of Insufficient Pleasure {vorpal,
                  | rF+} (You bought it in a shop on level 2 of the Orcish
                  | Mines)
 21853 | Orc:1    | Found Vuravim's Jewellery Shop.
 22130 | D:5      | Bought the ring of Ucvuodagh {rC+ AC+4 Int+4 Dex+4 Slay+2}
                  | for 1128 gold pieces
 22132 | D:5      | Bought the ring "Piocwic" {Int+6 Stlth+} for 687 gold
                  | pieces
 22488 | Snake:1  | Entered Level 1 of the Snake Pit
 22912 | Snake:1  | Noticed Kirke
 22916 | Snake:1  | Killed Kirke
 23431 | Snake:2  | Noticed Vashnia
 24238 | D:13     | Found Tooliocs's Weapon Emporium.
 24250 | D:13     | Found Ammer's Antique Weapon Shoppe.
 24285 | D:13     | Found Aqeymaz's Assorted Antiques.
 24511 | D:13     | Offered knowledge of Freezing Cloud by Vehumet.
 24518 | D:13     | Learned a level 5 spell: Freezing Cloud
 24543 | D:13     | Found Qieqaet's General Store.
 24559 | D:13     | Noticed Sonja
 24563 | D:13     | Killed Sonja
 24772 | D:13     | Found Rogei's Assorted Antiques.
 24844 | D:14     | Noticed Urug
 24844 | D:14     | Found a gate to the Vaults.
 25111 | D:14     | Shot with an arrow by a centaur warrior

Illustrated notes

Levels and vault maps discovered:
D:1:      lightli_arrival_chessboard, layout_loops_ring,
          ebering_ecumenical_altar_abandoned, ebering_dispersal_statue_hall,
          chequers_serial_rivers_large_b, minivault_26
D:2:      minmay_evil_eye, layout_basic, due_unseen_surprise
D:3:      kb_forest_paths, layout_basic, fedhas_altar_1,
          mainiacjoe_overflow_big_doors, lexackson_kobold_supper
D:4:      layout_cave_pools, lemuel_temple_firewalk_b, serial_demonic,
          serial_demonic_c, serial_demonic_a, serial_demonic_d,
          serial_demonic_e, serial_demonic_c, serial_demonic_g,
          serial_demonic_d, serial_demonic_c, serial_demonic_e, serial_demonic_b
D:5:      layout_rooms, serial_shops, kennysheep_mini, minmay_divided_ellipse,
          uniq_crazy_yiuf_cottage
D:6:      layout_basic, slow_altar_1, lightli_corner_chamber, uniq_grinder
D:7:      minmay_thinvault, layout_rooms, nicolae_dithmenos_shadow_blocks,
          general_overflow_altar, minivault_24, centaur_isle
D:8:      layout_rooms, serial_shops, shop_statue, kennysheep_generic_room_2,
          uniq_maurice, uniq_amaemon
D:9:      layout_basic, st_stairs_11, solitary_fountain
D:10:     layout_irregular_city, orc_0_dummy, kennysheep_generic_room_3
D:11:     wander_kiku_kobolds, layout_basic, due_lair_maze_entry_diamond,
          portal_ice_cave_entry_imps
D:12:     layout_loops_cross, nicolae_wwwww
D:13:     layout_small_grid, serial_shops, nicolae_shop_behind_doors,
          kennysheep_mini_moat, shop, shop, nicolae_shop_bloodbath_and_beyond,
          uniq_sonja
D:14:     layout_rooms, david_vaults_3, gauntlet_entry_generic,
          nicolae_triple_integral, nicolae_trove_entry_free_sample,
          zin_statuary, uniq_roxanne
Temple:   eino_temple_rhombus
Lair:1:   layout_cave_shapes, grunt_forest_large_clearings, uniq_harold,
          uniq_gastronok
Lair:2:   nzn_winding_woodlands_large [nzn_winding_woodlands_5x5_closed_star,
          nzn_winding_woodlands_5x15_jagged, nzn_winding_woodlands_5x5_three,
          nzn_winding_woodlands_center_pierced_h,
          nzn_winding_woodlands_15x15_boxy_spiral,
          nzn_winding_woodlands_center_diamonds,
          nzn_winding_woodlands_5x5_cross, nzn_winding_woodlands_5x15_zeroes,
          nzn_winding_woodlands_5x5_checkerboard], layout_cave_pods,
          patterned_corridor
Lair:3:   layout_roguey, nicolae_swamp_entry_splash_gauntlet,
          minmay_snake_entry_guardpost_medium, beast_lair_carwin_11,
          serial_bayou_shore_b
Lair:4:   layout_loops_ring, nicolae_lair_yak_garden, lemuel_fruit_tree,
          uniq_snorg
Lair:5:   hangedman_lair_in_review, layout_gridlike, slime_entry_1, basic_altar
Snake:1:  layout_rooms, nicolae_large_snake_swirl, grunt_megastairs_2,
          uniq_kirke
Snake:2:  layout_basic, st_stairs_4, nicolae_snake_horde_hoard, uniq_vashnia
Orc:1:    layout_caves, serial_shops, shop, special_room [special_room_orc]
Orc:2:    st_orc_open, layout_caves

Skill      XL: |  1  2  3  4  5  6  7  8  9 10 11 12 13 14 15 16 |
---------------+-------------------------------------------------+-----
Conjurations   | 5 6 7 8 10 12 14 17 20 | 20.0
Spellcasting   | 4 6 13 15 20 | 20.0
Dodging        | 3 7 8 11 13 18 | 18.0
Fighting       | 2 8 |  8.2
Stealth        | |  2.4

Action                   |  1- 3 |  4- 6 |  7- 9 | 10-12 | 13-15 | 16-18 || total
-------------------------+-------+-------+-------+-------+-------+-------++-------
Melee: Short sword       |       |     2 |       |       |       |       ||     2
       Dagger            |       |       |       |    28 |    12 |     2 ||    42
 Cast: Magic Dart        |    81 |   120 |    77 |   134 |    32 |       ||   444
       Searing Ray       |       |    12 |    39 |    89 |    39 |     7 ||   186
       Iskenderun's Myst |       |       |    20 |   153 |   221 |    73 ||   467
       Orb of Destructio |       |       |       |       |    73 |    55 ||   128
       Irradiate         |       |       |       |       |     6 |       ||     6
       Freezing Cloud    |       |       |       |       |       |     1 ||     1
Evoke: Wand              |       |       |     2 |       |       |       ||     2
  Use: Potion            |       |       |       |     2 |     1 |       ||     3
       Scroll            |       |       |       |       |    18 |       ||    18
 Stab: Sleeping          |       |       |       |     2 |       |       ||     2
Armor: Robe              |     2 |     4 |    18 |    38 |    15 |     3 ||    80
       Skin              |       |       |       |     7 |       |       ||     7
Dodge: Dodged            |       |     9 |    68 |   121 |   121 |    38 ||   357

Table legend: (Time is in decaauts)
 A = Elapsed time spent in this place.
 B = Non-inter-level travel time spent in this place.
 C = Inter-level travel time spent in this place.
 D = Time resting spent in this place.
 E = Time spent auto-exploring this place.
 F = Levels seen in this place.
 G = Mean time per level.
                   A        B        C        D        E       F      G
               +--------+--------+--------+--------+--------+-----+--------+
         Total |  25183 |  23265 |   1918 |    831 |  18549 |  25 | 1007.3 |
       Dungeon |  14635 |  13696 |    939 |    668 |  10837 |  14 | 1045.4 |
        Temple |    200 |    181 |     19 |      0 |    168 |   1 |  200.0 |
          Lair |   6548 |   5828 |    720 |     15 |   4865 |   5 | 1309.6 |
     Snake Pit |   1390 |   1280 |    110 |    112 |   1003 |   2 |  695.0 |
  Orcish Mines |   1440 |   1312 |    128 |      0 |   1078 |   2 |  720.0 |
      Ice Cave |    968 |    968 |      0 |     36 |    598 |   1 |  968.0 |
               +--------+--------+--------+--------+--------+-----+--------+

Top non-repeatable levels by time:
     D:7: 1724 daAuts
  Lair:2: 1718 daAuts
     D:3: 1604 daAuts
  Lair:5: 1421 daAuts
    D:11: 1400 daAuts
  Lair:3: 1388 daAuts
 Snake:1: 1361 daAuts
     D:9: 1111 daAuts
    D:10: 1102 daAuts
  Lair:4: 1074 daAuts
     D:4: 1069 daAuts
     D:1: 1037 daAuts
     D:5: 1014 daAuts
     D:2: 1012 daAuts
    D:13: 1009 daAuts
